Map: Doraelus Hills

Players

Amix

  • Race: Zerg Zerg
  • League: Platinum
  • Spawn Location: 7:00

maraboy

  • Race: Protoss Protoss
  • Spawn Location: 0:00

Luis

  • Race: Protoss Protoss
  • Spawn Location: 6:00

Swarmlord

  • Race: Zerg Zerg
  • Spawn Location: 1:00

Iras

  • Race: Protoss Protoss
  • Spawn Location: 12:00

jazda

  • Race: Zerg Zerg
  • League: Diamond
  • Spawn Location: 0:00

VOD

Have the link to the VOD?

Description

Time

  • Played on: Nov. 12, 2016, 4:02 p.m.
  • Length: 6:23
Show
View Real Time Build Order
Export as new Build Order

Amix Zerg 

Build Orders: Pool First 

Get SALT Encoding   

  12  0:02  Drone  
  13  0:14  Overlord  
  13  0:23  Drone  
  14  0:37  Drone x3  
  14  0:41  Extractor  
  16  0:51  Spawning Pool  
  16  0:52  Drone  
  16  1:01  Drone  
  17  1:22  Hatchery  
  17  1:25  Drone  
  17  1:29  Drone  
  18  1:37  Drone  
  19  1:46  Metabolic Boost  
  19  1:51  Drone  
  19  1:52  Evolution Chamber  
  19  1:55  Drone  
  20  2:02  Queen  
  22  2:17  Overlord x2  
  22  2:25  Zerg Melee Weapons Level 1  
  22  2:31  Overlord  
  22  2:39  Zergling x4  
  24  2:47  Queen  
  26  2:54  Drone x2  
  28  3:03  Zergling x4  
  30  3:12  Drone x2  
  32  3:13  Baneling Nest  
  31  3:29  Drone x2  
  31  3:30  Drone x3  
  36  3:39  Lair  
  36  3:40  Extractor  
  35  3:44  Drone x2  
  38  3:48  Drone  
  38  3:49  Drone  
  39  3:56  Drone  
  39  4:00  Baneling  
  39  4:01  Baneling x2  
  39  4:02  Drone x4  
  44  4:15  Drone x2  
  46  4:25  Extractor  
  46  4:26  Extractor  
  46  4:28  Zerg Ground Armor Level 1  
  44  4:32  Zergling x8  
  44  4:33  Zergling x6  
  44  4:35  Overlord  
  51  4:46  Overlord x2  
  51  5:02  Drone x4  
  55  5:33  Zergling x12  
  58  5:47  Overlord  
  58  5:48  Zergling x2  
Show
View Real Time Build Order
Export as new Build Order

maraboy Protoss 

Build Orders:  

Get SALT Encoding   

  12  0:02  Probe (Chrono Boost)  
  13  0:12  Probe (Chrono Boost)  
  14  0:19  Pylon  
  14  0:23  Probe (Chrono Boost)  
  15  0:37  Probe (Chrono Boost)  
  15  0:39  Gateway  
  16  0:49  Gateway  
  16  0:53  Probe (Chrono Boost)  
  17  1:00  Pylon  
  17  1:16  Pylon  
  17  1:27  Zealot  
  17  1:31  Assimilator  
  19  1:35  Assimilator  
  19  1:37  Zealot  
  21  1:43  Cybernetics Core  
  22  1:47  Probe (Chrono Boost)  
  22  1:57  Probe (Chrono Boost)  
  23  2:04  Zealot  
  23  2:05  Zealot  
  23  2:08  Probe (Chrono Boost)  
  28  2:18  Probe (Chrono Boost)  
  29  2:29  Probe (Chrono Boost)  
  30  2:46  Stalker x2  
  34  3:06  Pylon  
  34  3:12  Gateway  
  34  3:16  Stalker x2  
  30  3:49  Probe (Chrono Boost)  
  30  3:51  Nexus  
  31  4:00  Probe (Chrono Boost)  
  32  4:08  Twilight Council  
  32  4:10  Probe (Chrono Boost)  
  29  4:21  Probe (Chrono Boost)  
  30  4:27  Warp Gate  
  30  4:32  Probe (Chrono Boost)  
  31  4:39  Stalker  
  31  4:40  Stalker x2  
  31  4:42  Probe (Chrono Boost)  
  39  4:53  Probe (Chrono Boost)  
  39  5:03  Probe (Chrono Boost)  
  39  5:05  Probe (Chrono Boost)  
  41  5:14  Probe (Chrono Boost)  
  42  5:15  Probe (Chrono Boost)  
  43  5:21  Robotics Facility  
  43  5:24  Probe (Chrono Boost)  
  43  5:26  Probe (Chrono Boost)  
  45  5:47  Stalker x3  
  50  6:10  Pylon  
  50  6:13  Forge  
Show
View Real Time Build Order
Export as new Build Order

Luis Protoss 

Build Orders:  

Get SALT Encoding   

  12  0:06  Probe (Chrono Boost)  
  13  0:17  Probe (Chrono Boost)  
  14  0:23  Pylon  
  14  0:27  Probe (Chrono Boost)  
  15  0:42  Forge  
  15  0:44  Pylon  
  15  0:50  Probe (Chrono Boost)  
  16  1:01  Probe (Chrono Boost)  
  16  1:03  Pylon  
  17  1:12  Probe (Chrono Boost)  
  17  1:36  Probe (Chrono Boost)  
  18  1:45  Photon Cannon  
  18  1:46  Probe (Chrono Boost)  
  19  1:57  Probe (Chrono Boost)  
  20  2:05  Nexus  
  20  2:07  Probe (Chrono Boost)  
  21  2:18  Probe (Chrono Boost)  
  21  2:21  Pylon  
  22  2:28  Probe (Chrono Boost)  
  23  2:39  Probe (Chrono Boost)  
  23  2:44  Photon Cannon  
  24  2:50  Probe (Chrono Boost)  
  25  2:54  Nexus  
  25  3:00  Pylon  
  25  3:02  Probe (Chrono Boost)  
  26  3:08  Pylon  
  27  3:13  Probe (Chrono Boost)  
  27  3:17  Assimilator  
  27  3:19  Assimilator  
  27  3:23  Probe (Chrono Boost)  
  27  3:26  Probe (Chrono Boost)  
  29  3:34  Probe (Chrono Boost)  
  30  3:37  Probe (Chrono Boost)  
  31  3:44  Probe (Chrono Boost)  
  31  3:47  Probe (Chrono Boost)  
  33  3:49  Gateway  
  33  3:55  Probe (Chrono Boost)  
  34  3:58  Probe (Chrono Boost)  
  35  4:05  Probe (Chrono Boost)  
  35  4:06  Probe (Chrono Boost)  
  35  4:08  Probe (Chrono Boost)  
  38  4:16  Probe x2 (Chrono Boost)  
  40  4:18  Photon Cannon  
  40  4:25  Assimilator  
  40  4:26  Probe (Chrono Boost)  
  40  4:27  Assimilator, Probe (Chrono Boost)  
  42  4:32  Assimilator  
  42  4:34  Assimilator  
  42  4:37  Probe x2 (Chrono Boost)  
  42  4:38  Probe (Chrono Boost)  
  45  4:43  Cybernetics Core  
  45  4:48  Probe x2 (Chrono Boost)  
  47  4:58  Probe (Chrono Boost)  
  47  4:59  Probe (Chrono Boost)  
  49  5:04  Probe (Chrono Boost)  
  50  5:09  Probe x2 (Chrono Boost)  
  50  5:11  Pylon  
  52  5:15  Probe (Chrono Boost), Pylon  
  52  5:19  Probe (Chrono Boost)  
  52  5:20  Probe (Chrono Boost)  
  55  5:22  Stargate  
  55  5:25  Probe (Chrono Boost), Stargate  
  56  5:30  Probe (Chrono Boost)  
  47  5:36  Probe (Chrono Boost)  
  48  5:46  Probe (Chrono Boost)  
Show
View Real Time Build Order
Export as new Build Order

Swarmlord Zerg 

Build Orders: Pool First, Zergling Baneling 

Get SALT Encoding   

  12  0:03  Drone  
  13  0:12  Drone  
  14  0:20  Extractor  
  14  0:21  Drone  
  14  0:28  Overlord  
  14  0:47  Spawning Pool  
  13  1:07  Drone x3  
  16  1:19  Drone  
  17  1:35  Zergling x2  
  17  1:37  Queen  
  17  1:39  Metabolic Boost  
  20  1:44  Baneling Nest  
  19  1:47  Zergling x2  
  19  1:53  Evolution Chamber  
  19  1:56  Overlord  
  19  2:04  Drone  
  20  2:18  Pneumatized Carapace  
  20  2:25  Zergling x2  
  20  2:26  Zergling x2  
  22  2:34  Zergling x2  
  23  2:37  Baneling  
  23  2:47  Baneling  
  23  2:51  Zergling x2  
  23  2:55  Baneling  
  24  2:59  Zergling x4  
  24  3:00  Zergling x2  
  24  3:04  Overlord  
  27  3:23  Hatchery  
  24  3:29  Zergling x4  
  24  3:32  Baneling  
  24  3:33  Baneling x3  
  23  3:53  Zergling x4  
  25  4:02  Baneling x2  
  25  4:12  Zergling x2  
  25  4:13  Zergling x2  
  27  4:18  Baneling  
  28  4:45  Zergling x4  
  28  4:46  Zergling x2  
  28  4:47  Zergling x2  
  28  4:48  Zergling x4  
  33  5:01  Zergling x4  
  33  5:02  Zergling x4  
  33  5:06  Baneling x2  
  37  5:07  Baneling x2  
  37  5:26  Zergling x8  
Show
View Real Time Build Order
Export as new Build Order

Iras Protoss 

Build Orders:  

Get SALT Encoding   

  12  0:01  Probe (Chrono Boost)  
  13  0:11  Probe (Chrono Boost)  
  14  0:18  Pylon  
  14  0:22  Probe (Chrono Boost)  
  15  0:37  Probe (Chrono Boost)  
  15  0:40  Gateway  
  16  0:45  Assimilator  
  16  0:47  Probe (Chrono Boost)  
  17  0:53  Assimilator  
  17  0:58  Probe (Chrono Boost)  
  17  1:02  Pylon  
  18  1:08  Probe (Chrono Boost)  
  19  1:19  Probe (Chrono Boost)  
  20  1:28  Cybernetics Core  
  20  1:29  Probe (Chrono Boost)  
  22  1:40  Probe (Chrono Boost)  
  22  1:53  Gateway  
  22  2:04  Pylon  
  22  2:08  Warp Gate (Chrono Boost)  
  22  2:09  Robotics Facility  
  22  2:12  Mothership Core  
  24  2:20  Stalker  
  26  2:46  Stalker  
  26  2:50  Stalker  
  30  2:56  Immortal  
  34  3:12  Pylon  
  34  3:16  Stalker  
  36  3:49  Immortal (Chrono Boost)  
  36  3:51  Gateway  
  40  4:02  Stalker x2  
  44  4:28  Observer (Chrono Boost)  
  44  4:29  Stalker  
  47  4:40  Pylon  
  47  4:43  Pylon  
  47  4:47  Pylon  
  47  4:59  Immortal (Chrono Boost)  
  51  5:01  Stalker x2  
  51  5:04  Stalker  
  49  5:43  Stalker x3  
  55  6:12  Stalker x3  
Show
View Real Time Build Order
Export as new Build Order

jazda Zerg 

Build Orders: Hatch First 

Get SALT Encoding   

  12  0:01  Drone  
  13  0:08  Drone  
  14  0:16  Overlord  
  14  0:35  Drone x3  
  17  0:46  Drone  
  18  0:56  Hatchery  
  17  1:10  Drone x2  
  19  1:18  Spawning Pool  
  18  1:38  Extractor  
  17  1:49  Drone  
  17  1:50  Drone x2  
  20  2:07  Queen, Zergling x2  
  23  2:11  Queen  
  23  2:12  Drone  
  23  2:15  Overlord  
  26  2:22  Drone  
  27  2:39  Drone x2  
  27  2:41  Drone  
  30  2:45  Extractor  
  30  2:50  Roach Warren  
  28  2:52  Drone  
  29  2:58  Drone x2  
  30  3:08  Drone  
  31  3:16  Drone x3  
  34  3:38  Drone  
  34  3:39  Drone, Overlord x4  
  36  3:52  Lair  
  36  3:54  Metabolic Boost  
  36  3:59  Roach x4  
  36  4:00  Roach  
  36  4:01  Zergling x2  
  36  4:02  Zergling x2  
  50  4:24  Roach x5  
  50  4:25  Zergling x6  
  61  4:37  Roach  
  61  4:38  Roach x2, Zergling x2  
  67  4:39  Overlord x2  
  68  5:07  Roach x7  
  68  5:08  Zergling x4  
  82  5:36  Roach  
  82  5:37  Overlord x2  
  80  6:04  Ravager x3  
Tags
 
Add a new tag
Caveats
  • Supply blocks, unpowered buildings, or Contaminate may cause inaccurate times.
  • Supply counts are checked every 10 seconds.